 Dungeon Crawl Stone Soup version 0.19.0-11-g3fc08b3 (webtiles) character file.

2956 coolio the Protected (level 9, -6/81 HPs)
             Began as a Deep Dwarf Fighter on Nov 10, 2016.
             Was a Follower of Uskayaw.
             Mangled by a hornet (12 damage)
             ... on level 7 of the Dungeon.
             The game lasted 00:07:17 (4657 turns).

coolio the Protected (Deep Dwarf Fighter)           Turns: 4657, Time: 00:07:17

Health: -6/81      AC: 13    Str: 28    XL:     9   Next: 52%
Magic:  11/11      EV: 10    Int:  9    God:    Uskayaw [*.....]
Gold:   386        SH:  0    Dex: 12    Spells: 0 memorised, 8 levels left

rFire  . . .     SeeInvis .     a - +1 war axe
rCold  . . .     Gourm    .     b - +0 scale mail
rNeg   . . .     Faith    .     (no shield)
rPois  +         Spirit   .     r - +1 helmet
rElec  .         Reflect  .     (no cloak)
rCorr  .         Harm     .     z - +0 pair of gloves
MR     +....                    B - +0 pair of boots
Stlth  +.........               (no amulet)
                                F - ring of stealth
                                t - ring of poison resistance

@: mighty, lethally poisoned (-6 -> -6), flying, non-regenerating, slowed, very
slow
A: damage resistance, recharge devices, sense surroundings 2, slow regeneration
3
a: Device Recharging, Stomp, Renounce Religion


You were on level 7 of the Dungeon.
You worshipped Uskayaw.
Uskayaw was noncommittal.
You were hungry.

You visited 2 branches of the dungeon, and saw 8 of its levels.

You collected 386 gold pieces.

Inventory:

Hand Weapons
 a - a +1 war axe (weapon)
Armour
 b - a +0 scale mail (worn)
 r - a +1 helmet (worn)
 z - a +0 pair of gloves (worn)
 B - a +0 pair of boots (worn)
Jewellery
 t - a ring of poison resistance (left hand)
 x - an uncursed ring of wizardry
 C - an uncursed ring of ice
 F - a ring of stealth (right hand)
Wands
 e - a wand of heal wounds (2/9)
 h - a wand of polymorph (12/24)
 y - a wand of confusion (17/48)
Scrolls
 i - 2 scrolls of fear
 k - 3 scrolls of teleportation
 n - 2 scrolls of magic mapping
 A - 2 scrolls of identify
 G - a scroll of blinking {unknown}
Potions
 c - a potion of curing {unknown}
 d - 3 potions of might
 j - a potion of agility
 l - a potion of flight
 m - a potion of invisibility
 o - a potion of magic
 p - 2 potions of lignification {unknown}
 u - a potion of resistance
 v - a potion of berserk rage {unknown}
 w - a potion of haste {unknown}
 E - 2 potions of cancellation {unknown}
Comestibles
 f - 6 bread rations
 g - 6 fruits
 q - 3 meat rations
 s - 6 beef jerkies
 D - 8 slices of pizza


   Skills:
 + Level 5.5 Fighting
 * Level 9.2 Axes
 * Level 9.4 Armour
   Level 3.2 Shields
 + Level 5.1 Invocations


You had 8 spell levels left.
You didn't know any spells.

Dungeon Overview and Level Annotations

Branches:
Dungeon (7/15)             Temple (1/1) D:5

Altars:
Ashenzari
Cheibriados
Dithmenos
Elyvilon
Fedhas
Gozag
Hepliaklqana
Kikubaaqudgha
Makhleb
Okawaru
Qazlal
Ru
Sif Muna
Uskayaw
Yredelemnul
Zin
The Shining One


Innate Abilities, Weirdness & Mutations

You are resistant to damage.
You can recharge devices by infusing magical energy.
You passively map the area around you.
You do not regenerate.


Message History

Press: ? - help, Shift-Dir - straight line, f - hornet
Aim: a hornet (moderately wounded, chance to defeat MR: 37%)
The hornet easily resists.
Evoking this partially-identified wand wasted a few charges.
The hornet closely misses you. The hornet stings you!
* * * LOW HITPOINT WARNING * * *
You feel as though you will be slow longer.
You are too injured to fight recklessly!
You are too injured to fight recklessly!
You are too injured to fight recklessly!
Unknown command.
You feel very mighty all of a sudden. The hornet stings you!
* * * LOW HITPOINT WARNING * * *
You feel as though you will be slow longer.
The hornet stings you but does no damage.
It was a potion of flight.
You feel very buoyant.
You fly up into the air.
The hornet stings you!
You die...

#....#...# *, *,
######.#...# *
#..<...#...## ,* *,
#.#.####.#..# * ,
#.#.####.#..## , *,* #
#.#.#....#...# * ### ** *
# #.#.#........## * #.., ,
###.#)#.........####.#.# *
***
#.....).........@y...#.#
#.#...#......#..####.#.#
#.#......#####..######.###
#.#.#.##.######).........#
#.#.#..#...............#.#
#.#>#..#..####..>#######.#
#.#.##.#..####.#.# #†#
#+#.)..#..#....#.# #.#
......##..#.####.# ##.###


You could see a hornet.

Vanquished Creatures
  A hippogriff (D:7)
  2 hogs (D:7)
  A human (D:7)
  2 yaks (D:7)
  Menkaure (D:4)
  Duvessa (D:7)
  An ice beast (D:5)
  2 sky beasts
  A phantom (D:7)
  3 ogres
  2 centaurs (D:6)
  Blork the orc (D:4)
  A bullfrog (D:7)
  Dowan (D:7)
  A water moccasin skeleton (D:3)
  2 scorpions (D:7)
  A howler monkey (D:5)
  3 crimson imps
  5 hounds
  2 jellies
  An orc priest (D:7)
  A bullfrog skeleton (D:7)
  2 orc wizards
  A centaur skeleton (D:4)
  An iguana (D:7)
  3 worker ants
  3 gnolls (D:5)
  A howler monkey skeleton (D:4)
  3 adders (D:2)
  A shadow imp (D:6)
  2 oozes (D:1)
  An adder skeleton (D:6)
  A worm (D:4)
  4 dart slugs
  5 leopard geckos
  14 orcs
  3 giant cockroaches
  6 goblins
  9 hobgoblins
  18 jackals
  4 kobolds
  2 ball pythons
  5 bats
  3 frilled lizards
  A leopard gecko zombie (D:7)
  A quokka zombie (D:6)
  5 rats
135 creatures vanquished.

Notes
Turn   | Place    | Note
-------+----------+-------------------------------------------
     0 | D:1      | coolio the Deep Dwarf Fighter began the quest for the Orb.
     0 | D:1      | Reached XP level 1. HP: 20/20 MP: 1/1
    23 | D:1      | Reached XP level 2. HP: 24/27 MP: 2/2
   139 | D:1      | Reached XP level 3. HP: 21/34 MP: 3/3
   553 | D:2      | You fall through a shaft!
   605 | D:2      | Reached XP level 4. HP: 18/42 MP: 4/4
   660 | D:2      | Found a white marble altar of Elyvilon.
   723 | D:2      | Found a basalt altar of Yredelemnul.
  1142 | D:3      | Reached XP level 5. HP: 28/49 MP: 5/5
  1631 | D:4      | Reached skill level 5 in Armour
  1632 | D:4      | Noticed Blork the orc
  1642 | D:4      | Killed Blork the orc
  1642 | D:4      | Reached XP level 6. HP: 48/57 MP: 6/6
  1725 | D:4      | Noticed Menkaure
  1733 | D:4      | Killed Menkaure
  1733 | D:4      | Reached skill level 5 in Axes
  1797 | D:4      | Reached XP level 7. HP: 31/64 MP: 7/7
  2153 | D:5      | Entered Level 5 of the Dungeon
  2241 | D:5      | Found a staircase to the Ecumenical Temple.
  2336 | Temple   | Entered the Ecumenical Temple
  2346 | Temple   | Became a worshipper of Uskayaw the Reveler
  2479 | D:5      | Reached * piety under Uskayaw
  2483 | D:5      | Reached ** piety under Uskayaw
  2505 | D:5      | Reached skill level 1 in Invocations
  2505 | D:5      | Reached XP level 8. HP: 49/73 MP: 8/8
  2612 | D:5      | Reached *** piety under Uskayaw
  2613 | D:5      | Reached **** piety under Uskayaw
  2775 | D:5      | Found a glowing golden altar of the Shining One.
  3384 | D:6      | Found a sacrificial altar of Ru.
  3384 | D:6      | Found a hazy altar of Hepliaklqana.
  3425 | D:6      | Found an opulent altar of Gozag.
  3427 | D:6      | Found a burning altar of Makhleb.
  3428 | D:6      | Found a blossoming altar of Fedhas.
  3996 | D:7      | Noticed Duvessa
  3998 | D:7      | Noticed Dowan
  4010 | D:7      | Killed Duvessa
  4012 | D:7      | Killed Dowan
  4012 | D:7      | Reached skill level 5 in Fighting
  4256 | D:7      | Reached ***** piety under Uskayaw
  4258 | D:7      | Gained mutation: You passively map the area around you. [Deep Dwarf growth]
  4258 | D:7      | Reached XP level 9. HP: 40/81 MP: 11/11
  4495 | D:7      | Reached skill level 5 in Invocations
  4647 | D:7      | Paralysed by a hornet for 3 turns
  4657 | D:7      | Mangled by a hornet

Skill      XL: |  1  2  3  4  5  6  7  8  9 |
---------------+----------------------------+-----
Fighting       | 3 4 5 |  5.5
Armour         | 4 5 6 7 8 9 |  9.4
Axes           | 3 4 5 6 8 9 |  9.2
Invocations    | 1 3 5 |  5.1
Shields        | |  3.2

Action                   |  1- 3 |  4- 6 |  7- 9 || total
-------------------------+-------+-------+-------++-------
Melee: War axe           |   109 |   125 |   249 ||   483
 Abil: Device Recharging |       |       |     1 ||     1
Evoke: Wand              |       |     1 |    12 ||    13
  Use: Scroll            |       |     9 |     4 ||    13
       Potion            |       |     2 |     2 ||     4
 Stab: Paralysed         |       |       |    17 ||    17
  Eat: Chunk             |       |     3 |     9 ||    12
Armor: Scale mail        |    79 |    66 |   138 ||   283
Dodge: Dodged            |    64 |    60 |   139 ||   263
